AoeStats
← matgodoy10

Arabia

509465225Analyzed
1v1 RM · 7d ago on Sep 26, 2026· 38m 47s· 2 players
Game mode
Random Map
Map size
Tiny (2 player)
Population
200
Speed
Normal
Resources
Standard
Victory
Conquest
Starting age
Dark Age
Ending age
Imperial Age
RankedLock teamsTeams togetherTeam positionsShared explorationLock speedFull tech treeHidden civsTurbo modeCheats
Victory
Defeat
🇹🇷 Bohemians · Türkiye
1070
+15
🇨🇱 Italians · Chile
1040
-15
matgodoy10
3:12 Loom
11:06 Feudal Age
15:18 Castle Age
13:13 Double-Bit Axe
15:40 Horse Collar
19:15 Bow Saw
22:52 Town Watch
24:25 Stone Mining
24:29 Gold Mining
27:29 Wheelbarrow
27:48 Thumb Ring
34:53 Imperial Age
32:50 Fletching
33:01 Padded Archer Armor
34:47 Ballistics
34:28 Bodkin Arrow
34:48 Leather Archer Armor
35:14 Hand Cart
37:00 Chemistry
37:36 Conscription
Dracarys
10:46 Feudal Age
11:52 Loom
16:19 Castle Age
17:19 Double-Bit Axe
20:21 Fletching
21:15 Bow Saw
25:03 Wheelbarrow
24:50 Horse Collar
28:55 Hand Cart
28:42 Heavy Plow
29:40 Fervor
29:56 Sanctity
29:11 Pikeman
33:27 Imperial Age
33:17 Town Watch
35:53 Two-Man Saw
35:40 Elite Skirmisher
37:10 Padded Archer Armor
37:05 Bodkin Arrow
37:21 Forging
37:14 Murder Holes
38:20 Chemistry
38:26 Town Patrol
Connection lost

Rejoining the realm…

Still unreachable

The connection could not be restored.

Session expired

The server has moved on; the page needs a fresh start.